 Dungeon Crawl Stone Soup version 0.21.1-1-g345015f (webtiles) character file.

207 wojtek the Ruffian (level 5, -3/45 HPs)
             Began as a Troll Earth Elementalist on June 15, 2018.
             Killed from afar by Sigmund (7 damage)
             ... with a puff of flame
             ... on level 4 of the Dungeon.
             The game lasted 00:03:13 (2265 turns).

wojtek the Ruffian (Troll Earth Elementalist)       Turns: 2265, Time: 00:03:14

Health: -3/45      AC:  8    Str: 16    XL:     5   Next: 54%
Magic:  5/5        EV: 10    Int: 12    God:
Gold:   97         SH:  0    Dex: 10    Spells: 5/6 levels left

rFire    . . .     SeeInvis .     - Unarmed
rCold    . . .     Gourm    +   (no shield)
rNeg     . . .     Faith    .   c - +0 robe
rPois    .         Spirit   .   (helmet restricted)
rElec    .         Reflect  .   i - +2 cloak
rCorr    .         Harm     .   (gloves unavailable)
MR       .....                  (boots unavailable)
Stlth    +.........             (no amulet)
HPRegen  0.55/turn              (no ring)
MPRegen  0.09/turn              (no ring)

@: no status effects
A: large, unfitting armour, claws 3, fast metabolism 3, gourmand, regeneration
1, shaggy fur 1, tough skin 2
a: no special abilities


You were on level 4 of the Dungeon.
You were completely stuffed.

You visited 1 branch of the dungeon, and saw 4 of its levels.

You collected 97 gold pieces.

Inventory:

Missiles
 b - 192 stones (quivered)
Armour
 c - a +0 robe (worn)
 i - a +2 cloak (worn)
Jewellery
 g - an uncursed ring of ice {unknown}
 r - a +3 ring of strength {unknown}
Scrolls
 a - 7 scrolls of identify {unknown}
 h - 2 scrolls of teleportation {unknown}
 m - a scroll of remove curse {unknown}
 n - a scroll of amnesia {unknown}
 p - a scroll of enchant weapon {unknown}
Potions
 f - a potion of mutation {unknown}
 j - 2 potions of haste {unknown}
 k - a potion of curing {unknown}
 l - 2 potions of cancellation {unknown}
 q - a potion of heal wounds {unknown}
Books
 e - a book of Geomancy

   Spells                             Type                      Level
   a - Sandblast                      Earth                        1
   b - Passwall                       Transmutation/Earth          2
   c - Stone Arrow                    Conjuration/Earth            3
   d - Petrify                        Transmutation/Earth          4
   e - Lee's Rapid Deconstruction     Earth                        5
Comestibles
 d - 7 rations
 o - 4 chunks of flesh


   Skills:
 - Level 1.5 Dodging
 - Level 1.0 Stealth
 + Level 5.4 Unarmed Combat
 - Level 1.2 Spellcasting
   Level 0.6 Transmutations
 - Level 2.6 Earth Magic


You had 5 spell levels left.
You knew the following spells:

 Your Spells              Type           Power        Failure   Level  Hunger
a - Sandblast             Erth           #.....       10%         1    ##.....


Dungeon Overview and Level Annotations

Branches:
Dungeon (4/15)
 Temple: D:4-7

Altars:
Dithmenos

Annotations:
D:4 Sigmund


Innate Abilities, Weirdness & Mutations

You are too large for most types of armour.
You have claws for hands.
Your metabolism is lightning-fast.
You like to eat raw meat.
Your natural rate of healing is unusually fast.
You are covered in fur. (AC +1)
You have very tough skin. (AC +2)


Message History

You claw something!
You hear some strange, mumbled words.
A magic dart appears from out of thin air!
The magic dart hits you!
You miss something. Something hits you but does no damage.
You claw something! You barely miss something. Your claw misses something.
Something hits you. Something freezes you.
You barely miss something. Something hits you! Something freezes you.
You miss something. You miss something. Something hits you!
* * * LOW HITPOINT WARNING * * *
Something freezes you.
* * * LOW HITPOINT WARNING * * *
You barely miss something. You miss something.
You hear some strange, mumbled words.
A puff of flame appears from out of thin air!
The puff of flame hits you!
You die...

...###### ..........
.......... ..........
....#.#.# ###..#.#.#
....{#.#.#
###..#.#.###################
.....#.........{@..........#
####.....#################.#
####### #.# #.# #.# #.# ##
#.# .# #.# .# #.#


There were no monsters in sight!

Vanquished Creatures
  A hound (D:4)
  An orc priest (D:3)
  A worker ant (D:4)
  4 gnolls (D:2)
  3 worms
  5 dart slugs
  6 orcs
  3 giant cockroaches
  10 goblins
  7 hobgoblins
  3 kobolds
  2 ball pythons
  7 bats
  3 frilled lizards
  10 rats
66 creatures vanquished.

Notes
Turn   | Place    | Note
-------+----------+-------------------------------------------
     0 | D:1      | wojtek the Troll Earth Elementalist began the quest for the Orb.
     0 | D:1      | Reached XP level 1. HP: 16/16 MP: 1/1
    11 | D:1      | Reached skill level 1 in Unarmed Combat
   128 | D:1      | Reached XP level 2. HP: 24/24 MP: 2/2
   180 | D:1      | Reached skill level 2 in Unarmed Combat
   397 | D:1      | Reached XP level 3. HP: 30/31 MP: 3/3
   572 | D:2      | Found a shadowy altar of Dithmenos.
   651 | D:2      | Reached skill level 3 in Unarmed Combat
   880 | D:2      | Reached XP level 4. HP: 20/39 MP: 4/4
  1096 | D:2      | Reached skill level 4 in Unarmed Combat
  1616 | D:3      | Reached XP level 5. HP: 45/45 MP: 5/5
  2166 | D:4      | Reached skill level 5 in Unarmed Combat
  2234 | D:4      | Noticed Sigmund
  2265 | D:4      | Killed from afar by Sigmund

Skill      XL: |  1  2  3  4  5 |
---------------+----------------+-----
Unarmed Combat | 1 2 3 4 5 |  5.4
Dodging        | |  1.5
Stealth        | |  1.0
Spellcasting   | |  1.2
Transmutations | |  0.6
Earth Magic    | |  2.6

Action                   |  1- 3 |  4- 6 || total
-------------------------+-------+-------++-------
Melee: Unarmed           |    89 |   123 ||   212
       Punch             |       |     1 ||     1
 Stab: Sleeping          |     3 |       ||     3
  Eat: Chunk             |    13 |    13 ||    26
Armor: Robe              |    39 |    53 ||    92
Dodge: Dodged            |    46 |    47 ||    93
